 Dungeon Crawl Stone Soup version 0.14-a0-3315-g09e681a (webtiles) character file.

4435 Kae the Severer (level 10, -8/77 HPs)
             Began as a Hill Orc Fighter on Mar 15, 2014.
             Was a Believer of Okawaru.
             Mangled by a manticore (9 damage)
             ... on Level 9 of the Dungeon.
             The game lasted 00:13:27 (8148 turns).

Kae the Severer (Hill Orc Fighter)                  Turns: 8148, Time: 00:13:28

HP  -8/77        AC 14     Str 23      XL: 10   Next: 19%
MP  10/10        EV 10     Int  8      God: Okawaru [**....]
Gold 551         SH 21     Dex 20      Spells:  0 memorised,  9 levels left

rFire  . . .     SeeInvis +     a - +1 war axe
rCold  + . .     Clarity  .     s - +3 chain mail {rC+}
rNeg   . . .     Conserve .     c - +0 shield
rPois  .         rCorr    .     H - +1 hat
rElec  .         rRot     .     (no cloak)
SustAb . .       Spirit   .     P - +0 pair of gloves
rMut   .         Warding  .     (no boots)
Saprov + . .     Stasis   .     (no amulet)
MR     .....                    n - +5 ring of dexterity
                                f - ring of see invisible

@: agile, not resistant to hostile enchantments, extremely unstealthy
A: saprovore 1
a: Heroism, Renounce Religion


You were on level 9 of the Dungeon.
You worshipped Okawaru.
Okawaru was pleased with you.
You were not hungry.

You visited 2 branches of the dungeon, and saw 10 of its levels.
You also visited: Sewer.

You collected 551 gold pieces.

Inventory:

Hand weapons
 a - a +1,+1 war axe (weapon)
 Y - a +0,+0 hand axe
Missiles
 E - 4 tomahawks (quivered)
Armour
 c - a +0 shield (worn)
 s - a +3 chain mail of cold resistance (worn)
 H - a +1 hat (worn)
 P - a +0 pair of gloves (worn)
Magical devices
 q - a wand of frost (19)
 B - a wand of teleportation (2)
 C - a wand of flame (18)
 G - a wand of flame (0)
 N - a wand of lightning (3) {unknown}
 Q - a wand of confusion (0) {unknown}
 V - a wand of magic darts (9) {unknown}
 X - a wand of fire (4) {unknown}
Comestibles
 d - 7 meat rations
 h - 12 bread rations
 x - a chunk of elf flesh
 M - an apple
 T - 5 rotting chunks of troll flesh
 U - a pear
 W - a choko
Scrolls
 j - a scroll of fog
 k - 2 scrolls of blinking
 l - 2 scrolls of recharging
 t - 2 scrolls of enchant weapon I
 u - 3 scrolls of teleportation
 v - 7 scrolls of identify
 y - 2 scrolls of remove curse
 A - 2 scrolls of magic mapping
 D - a scroll of enchant weapon II
Jewellery
 f - a ring of see invisible (left hand)
 n - a +5 ring of dexterity (right hand)
 w - a +3 ring of intelligence
 I - an uncursed amulet of faith {unknown}
 J - a cursed ring of protection from fire {unknown}
 K - an uncursed ring of sustain abilities {unknown}
Potions
 e - 3 potions of might
 g - a potion of agility
 i - 2 potions of curing
 m - 2 potions of heal wounds
 o - 4 potions of haste
 p - a potion of magic
 z - a potion of brilliance
 L - a potion of paralysis {unknown}
 O - a potion of mutation {unknown}
Books
 b - a Grand Grimoire {highlevel, unknown}

   This book is beyond your current level of understanding.

   Spells                             Type                      Level
   Aura of Abjuration                 Summoning                    6
   Forceful Dismissal                 Summoning                    6
   Haunt                              Necromancy/Summoning         7
   Summon Greater Demon               Summoning                    7
   Malign Gateway                     Summoning/Translocation      7
   Summon Horrible Things             Summoning                    8
 r - a book of Control

   Spells                             Type                      Level
   Control Teleport                   Charms/Translocation         4
   Control Undead                     Necromancy                   4
   Enslavement                        Hexes                        4
   Mass Confusion                     Hexes                        6
   Metabolic Englaciation             Hexes/Ice                    5
 R - a book of War Chants

   Spells                             Type                      Level
   Fire Brand                         Charms/Fire                  2
   Freezing Aura                      Charms/Ice                   2
   Shroud of Golubria                 Charms/Translocation         2
   Repel Missiles                     Charms/Air                   2
   Poison Weapon                      Charms/Poison                3
   Regeneration                       Charms/Necromancy            3
 S - a book of Death

   Spells                             Type                      Level
   Corpse Rot                         Necromancy                   2
   Sublimation of Blood               Necromancy                   2
   Agony                              Necromancy                   5
   Dispel Undead                      Necromancy                   5
   Excruciating Wounds                Charms/Necromancy            5
   Bolt of Draining                   Conjuration/Necromancy       5
 Z - a book of Cantrips

   Spells                             Type                      Level
   Confusing Touch                    Hexes                        1
   Animate Skeleton                   Necromancy                   1
   Summon Small Mammal                Summoning                    1
   Apportation                        Translocation                1


   Skills:
 - Level 3.6 Fighting
 + Level 17.4 Axes
 - Level 3.2 Armour
 - Level 3.2 Shields


You had 9 spell levels left.
You didn't know any spells.

Dungeon Overview and Level Annotations

Branches:
Dungeon (9/15)             Temple (1/1) D:7            Lair (0/8) D:8
    Orc: D:9-12

Altars:
Ashenzari
Cheibriados
Dithmenos
Elyvilon
Fedhas
Kikubaaqudgha
Makhleb
Nemelex Xobeh
Okawaru
Sif Muna
Trog
Vehumet
Xom
Yredelemnul
Zin
The Shining One

Shops:
D:7 *


Innate Abilities, Weirdness & Mutations

You can tolerate rotten meat.


Message History

You block the manticore's attack. You block the warg's attack.
Unknown command.
You hit the manticore but do no damage. You slice the warg!!
You kill the warg!
Okawaru accepts your kill.
You slash the manticore!
The manticore is lightly wounded.
The manticore closely misses you.
The manticore claws you but does no damage.
The manticore barely misses you.
You slash the manticore!
The manticore is moderately wounded.
The manticore bites you.
* * * LOW HITPOINT WARNING * * *
You block the manticore's attack. The manticore claws you.
* * * LOW HITPOINT WARNING * * *
You hit the manticore.
The manticore is moderately wounded.
The manticore bites you!
You die...

....
...###..#
####
....#..#
...##.#
#...#.# #.
#...#.#
#..).#...#.#
..H.l....#.#
.:.?#..#.H.#
#. #@))# ..
#.)## ..
#..# . #...#
....##
....## ..##
.


You could see a manticore.

Vanquished Creatures
  A komodo dragon (D:9)
  Prince Ribbit (D:4)
  A troll (D:9)
  A deep elf mage (D:9)
  A spriggan (D:7)
  A deep elf fighter (D:8)
  Edmund (D:7)
  A warg (shapeshifter) (D:9)
  A water moccasin (D:8)
  An orc warrior (D:8)
  2 phantoms
  A manticore skeleton (D:9)
  An ogre (D:5)
  Duvessa (D:4)
  A big kobold (D:8)
  A crocodile (D:8)
  Blork the orc (D:4)
  5 giant frogs
  3 scorpions (D:4)
  3 crimson imps
  A goliath beetle (D:8)
  Dowan (D:4)
  2 orc priests
  An iguana (D:5)
  2 jellies
  14 orc wizards
  7 worker ants
  Jessica (D:2)
  Terence (D:2)
  9 adders
  A giant mite (D:2)
  7 green rats
  3 shadow imps
  3 worms
  An adder skeleton (D:4)
  An adder zombie (D:7)
  An orc skeleton (D:7)
  2 giant geckos
  2 oozes
  31 orcs
  26 bats
  9 giant cockroaches
  17 goblins
  16 hobgoblins
  12 jackals
  17 ball pythons
  5 giant newts
  A goblin skeleton (D:5)
  A hobgoblin skeleton (D:4)
  17 kobolds
  2 orc zombies
  5 quokkas
  50 rats
  A rat zombie (D:7)
  3 ballistomycetes (D:7)
  3 fungi (D:8)
305 creatures vanquished.

Vanquished Creatures (others)
  A giant spore (D:7)
1 creature vanquished.

Grand Total: 306 creatures vanquished

Notes
Turn   | Place    | Note
--------------------------------------------------------------
     0 | D:1      | Kae, the Hill Orc Fighter, began the quest for the Orb.
     0 | D:1      | Reached XP level 1. HP: 19/19 MP: 1/1
   145 | D:1      | Reached XP level 2. HP: 19/26 MP: 2/2
   194 | D:1      | Reached skill level 4 in Axes
   564 | D:1      | Reached XP level 3. HP: 29/31 MP: 3/3
   882 | D:2      | Noticed Terence
   905 | D:2      | Killed Terence
   905 | D:2      | Reached skill level 5 in Axes
  1320 | D:2      | Reached XP level 4. HP: 39/39 MP: 4/4
  1574 | D:2      | Noticed Jessica
  1583 | D:2      | Killed Jessica
  1583 | D:2      | Reached skill level 6 in Axes
  1987 | D:3      | Reached XP level 5. HP: 43/45 MP: 5/5
  2029 | D:3      | Found a glowing drain.
  2058 | Sewer    | Entered a sewer
  2094 | Sewer    | Reached skill level 7 in Axes
  2267 | Sewer    | Reached skill level 8 in Axes
  2267 | Sewer    | Reached XP level 6. HP: 38/51 MP: 6/6
  2450 | Sewer    | Reached skill level 9 in Axes
  2851 | D:3      | Reached XP level 7. HP: 57/57 MP: 7/7
  3028 | D:3      | Found a burning altar of Makhleb.
  3029 | D:3      | Found a radiant altar of Vehumet.
  3193 | D:4      | Noticed Duvessa
  3193 | D:4      | Noticed Dowan
  3203 | D:4      | Killed Duvessa
  3203 | D:4      | Reached skill level 10 in Axes
  3210 | D:4      | Killed Dowan
  3408 | D:4      | Noticed Blork the orc
  3416 | D:4      | Killed Blork the orc
  3537 | D:4      | Reached skill level 11 in Axes
  3580 | D:4      | Noticed Prince Ribbit
  3592 | D:4      | Killed Prince Ribbit
  3592 | D:4      | Reached XP level 8. HP: 33/64 MP: 8/8
  3756 | D:4      | Reached skill level 12 in Axes
  4091 | D:5      | Entered Level 5 of the Dungeon
  4436 | D:5      | Reached skill level 13 in Axes
  5251 | D:7      | Found a basalt altar of Yredelemnul.
  5289 | D:7      | Reached skill level 14 in Axes
  5289 | D:7      | Reached XP level 9. HP: 66/70 MP: 9/9
  5323 | D:7      | Found a staircase to the Ecumenical Temple.
  5337 | Temple   | Entered the Ecumenical Temple
  5391 | Temple   | Became a worshipper of Warmaster Okawaru
  6481 | D:7      | Noticed Edmund
  6505 | D:7      | Killed Edmund
  6534 | D:7      | Found Ghesm's General Store.
  6663 | D:7      | Found a deep blue altar of Sif Muna.
  6842 | D:8      | Reached skill level 15 in Axes
  6953 | D:8      | Acquired Okawaru's first power
  7190 | D:8      | Found a staircase to the Lair.
  7356 | D:8      | Reached skill level 16 in Axes
  7773 | D:9      | Reached XP level 10. HP: 36/77 MP: 10/10
  7853 | D:9      | Noticed a komodo dragon
  7863 | D:9      | Killed a komodo dragon
  7863 | D:9      | Reached skill level 17 in Axes
  8133 | D:9      | Noticed a manticore
  8133 | D:9      | Noticed a fire drake
  8143 | D:9      | a fire drake changed into a warg
  8147 | D:9      | HP: 1/77 [manticore (6)]
  8148 | D:9      | Mangled by a manticore

Action                   |  1- 3 |  4- 6 |  7- 9 | 10-12 || total
-------------------------+-------+-------+-------+-------++-------
Melee: War axe           |   115 |   294 |   501 |    52 ||   962
Throw: Tomahawk          |       |       |     3 |       ||     3
Evoke: Wand              |       |       |     1 |       ||     1
  Use: Scroll            |       |    10 |     5 |       ||    15
       Potion            |       |     5 |     5 |     4 ||    14
